 Dungeon Crawl Stone Soup version 0.24-a0-246-gb963c9a (webtiles) character file.

Game seed: 5865582364843780978

84884 Lanoc the Severer (level 16, -1/129 HPs)
             Began as a Formicid Gladiator on Apr 12, 2019.
             Was a Follower of Uskayaw.
             Slain by a spiny frog (46 damage)
             ... on level 6 of the Lair of Beasts.
             The game lasted 00:57:41 (24336 turns).

Lanoc the Severer (Formicid Gladiator)             Turns: 24336, Time: 00:57:41

Health: -1/129     AC: 19    Str: 17    XL:     16   Next: 29%
Magic:  24/24      EV: 23    Int: 18    God:    Uskayaw [*.....]
Gold:   497        SH:  0    Dex: 23    Spells: 15/15 levels left

rFire    . . .     SeeInvis +   a - +1 battleaxe (freeze)
rCold    + . .     Gourm    .   v - +0 shield
rNeg     . . .     Faith    .   L - +6 chain mail of Lugonu's Hope {MR- rCorr Int+8 Stlth+}
rPois    .         Spirit   .   (helmet unavailable)
rElec    .         Reflect  .   A - scarf {rC+ rF+}
rCorr    +         Harm     .   (no gloves)
MR       .....                  f - +0 pair of boots {Stlth+}
Stlth    +.........             (no amulet)
HPRegen  0.31/turn              K - ring "Fanuut" {+Fly rF- Str-2 Dex+6 Slay+6}
MPRegen  0.19/turn              M - ring of Phasing {EV+8}

@: sleeping
A: permanent stasis, dig shafts and tunnels, four strong arms, antennae 3
a: Dig, Shaft Self, Stomp, Renounce Religion, Evoke Flight


You were on level 6 of the Lair of Beasts.
You worshipped Uskayaw.
Uskayaw was aware of your devotion.
You were not hungry.

You visited 4 branches of the dungeon, and saw 23 of its levels.
You also visited: Ice Cave.

You collected 1593 gold pieces.
You spent 1096 gold pieces at shops.

Inventory:

Hand Weapons
 a - a +1 battleaxe of freezing (weapon)
 F - the +8 hand axe of Hiuveupp {venom, Int+9}
   (You found it on level 2 of the Lair of Beasts)

   It poisons the flesh of those it strikes.
   It affects your intelligence (+9).
 H - the +4 halberd of a Labyrinth {antimagic, Dex+4}
   (You found it in an ice cave)

   It reduces the magical energy of the wielder, and disrupts the spells and
   magical abilities of those hit.
   Natural abilities and divine invocations are not affected.
   It affects your dexterity (+4).
Missiles
 c - 2 throwing nets (quivered)
 l - 5 exploding tomahawks
 S - 6 needles of paralysis
Armour
 f - a +0 pair of boots of stealth (worn)
 p - a +0 plate armour
 v - a +0 shield (worn)
 A - a scarf of resistance (worn)
 L - the +6 chain mail of Lugonu's Hope (worn) {MR- rCorr Int+8 Stlth+}
   (You took it off an orc knight on level 13 of the Dungeon)

   It affects your intelligence (+8).
   It affects your resistance to hostile enchantments.
   It provides partial protection from all sources of acid and corrosion.
   It makes you more stealthy.
Jewellery
 m - an uncursed ring of protection from cold
 r - an uncursed ring of protection from magic
 K - the ring "Fanuut" (left hand) {+Fly rF- Str-2 Dex+6 Slay+6}
   (You bought it in a shop on level 11 of the Dungeon)

   [ring of dexterity]

   It affects your strength (-2).
   It affects your dexterity (+6).
   It affects your accuracy and damage with ranged weapons and melee attacks
   (+6).
   It makes you vulnerable to fire.
   It lets you fly.
 M - the ring of Phasing (right hand) {EV+8}
   (You found it on level 2 of the Lair of Beasts)

   [ring of evasion]

   It affects your evasion (+8).
Wands
 s - a wand of paralysis (20)
 u - a wand of flame (29)
 x - a wand of acid (17)
 B - a wand of digging (11)
 D - a wand of polymorph (19)
 G - a wand of enslavement (22)
 N - a wand of clouds (5)
Scrolls
 h - 2 scrolls of immolation
 i - 2 scrolls of fear
 j - 5 scrolls of enchant armour
 k - 4 scrolls of amnesia
 n - 5 scrolls of identify
 t - 3 scrolls of fog
 w - 3 scrolls of magic mapping
 y - 7 scrolls of enchant weapon
 z - 7 scrolls of remove curse
 Q - a scroll of summoning
Potions
 b - 2 potions of ambrosia
 e - 3 potions of lignification
 g - 2 potions of cancellation
 o - 5 potions of curing
 q - 5 potions of mutation
 C - a potion of brilliance
 E - 3 potions of flight
 I - 4 potions of might
 J - a potion of heal wounds
 O - a potion of agility
Miscellaneous
 P - a box of beasts
Comestibles
 d - 24 rations
 R - 7 chunks of flesh


   Skills:
 + Level 12.5 Fighting
 * Level 15.7 Axes
 - Level 2.0 Throwing
 + Level 12.2 Armour
 + Level 10.9 Dodging
 - Level 9.0 Shields
 + Level 11.2 Invocations


You had 15 spell levels left.
You didn't know any spells.
Your spell library contained the following spells:

 Spells                   Type           Power        Failure   Level  Hunger
 Animate Skeleton         Necr           N/A          88%         1    ##.....
 Freeze                   Ice            #...         88%         1    ##.....
 Magic Dart               Conj           #...         88%         1    ##.....
 Pain                     Necr           #...         88%         1    ##.....
 Sandblast                Erth           #.....       88%         1    ##.....
 Sting                    Conj/Pois      #...         88%         1    ##.....
 Summon Butterflies       Summ           #.......     88%         1    ##.....
 Call Imp                 Summ           #.......     95%         2    ###....
 Corpse Rot               Necr           N/A          95%         2    ###....
 Passwall                 Tmut/Erth      #.......     95%         2    ###....
 Poisonous Vapours        Pois/Air       #.....       95%         2    ###....
 Slow                     Hex            #.......     95%         2    ###....
 Call Canine Familiar     Summ           #.......     99%         3    ####...
 Conjure Flame            Conj/Fire      #.......     99%         3    ####...
 Mephitic Cloud           Conj/Pois/Air  #.......     99%         3    ####...
 Ozocubu's Armour         Chrm/Ice       #.......     99%         3    ####...
 Regeneration             Chrm/Necr      #.........   99%         3    ####...
 Stone Arrow              Conj/Erth      #.....       99%         3    ####...
 Vampiric Draining        Necr           #.........   99%         3    ####...
 Animate Dead             Necr           N/A          100%        4    #####..
 Ice Form                 Ice/Tmut       #.......     100%        4    #####..
 Olgreb's Toxic Radiance  Pois           #.......     100%        4    #####..
 Petrify                  Tmut/Erth      #.......     100%        4    #####..
 Summon Ice Beast         Ice/Summ       #.......     100%        4    #####..
 Throw Icicle             Conj/Ice       #.......     100%        4    #####..
 Bolt of Draining         Conj/Necr      #.........   100%        5    ######.
 Bolt of Magma            Conj/Fire/Erth #.........   100%        5    ######.
 Iskenderun's Battlesphe  Conj/Chrm      #.......     100%        5    ######.
 Lee's Rapid Deconstruct  Erth           #.........   100%        5    ######.
 Summon Mana Viper        Hex/Summ       #.......     100%        5    ######.
 Venom Bolt               Conj/Pois      #.........   100%        5    ######.
 Bolt of Cold             Conj/Ice       #.........   100%        6    #######
 Freezing Cloud           Conj/Ice/Air   #.........   100%        6    #######
 Iron Shot                Conj/Erth      #.........   100%        6    #######
 Orb of Destruction       Conj           #.........   100%        7    #######
 Spellforged Servitor     Conj/Summ      #.........   100%        7    #######
 Summon Hydra             Summ           #.........   100%        7    #######
 Blink                    Tloc           Unusable     N/A         2    N/A

Dungeon Overview and Level Annotations

Branches:
Dungeon (14/15)            Temple (1/1) D:6            Lair (6/6) D:8
  Swamp (0/4) Lair:4        Snake (0/4) Lair:3        Slime (0/5) Lair:5
    Orc (2/2) D:12            Elf (0/3) Orc:2        Vaults (0/5) D:13

Altars:
Ashenzari
Cheibriados
Dithmenos
Elyvilon
Fedhas
Gozag
Hepliaklqana
Kikubaaqudgha
Makhleb
Nemelex Xobeh
Okawaru
Qazlal
Ru
Sif Muna
Trog
Uskayaw
Vehumet
Wu Jian
Xom
Yredelemnul
Zin
The Shining One
Beogh
Jiyva

Shops:
D:6 =   D:11 =   D:12 [   Orc:2 !!([

Annotations:
D:9 3 runed translucent doors, confidenceinterval's ghost, novice HOFi
D:12 1 runed translucent door, Priap's ghost, journeyman DrFE
Lair:6 exclusion: oklob plant
Orc:2 1 runed translucent door, Avack's ghost, journeyman HOFE


Innate Abilities, Weirdness & Mutations

You cannot be hasted, slowed, berserked, paralysed or teleported.
You can dig through walls and to a lower floor.
Your four strong arms can wield two-handed weapons with a shield.
You have a pair of large antennae on your head. (SInv)


Message History

Found a glowing falchion.
You feel sick.
You are no longer poisoned.
A spiny frog comes into view.
A dream sheep comes into view. 2 dream sheep come into view.
The dream sheep bleats!
A dream sheep comes into view.
The dream sheep shake their wool and sparkle.
You feel drowsy...
You fall asleep.
A dream sheep comes into view.
The dream sheep bleats!
You hear an angry hiss.
The spiny frog completely misses you.
A dream sheep comes into view.
The spiny frog closely misses you. The spiny frog closely misses you.
A basilisk comes into view.
The basilisk hisses angrily.
The spiny frog stings you!!!
You die...

≈≈≈≈≈≈≈≈≈P≈≈....#**..# **,*,,,,,
≈≈≈≈≈≈≈≈≈P.≈≈..#**...##**,,,,,,,,
≈P≈≈≈≈....,....###.PP.#*,,,,,,,,,
≈††...≈≈####..PP....P.#.,*,,,,,,,
÷†.†..###.[....PP.......*,,*,,,,,
..††####.P.....P#.......,,,,,,,,,
†.†....÷.......##..Y....,,,,,,,,,
††..#.#..###..$....Y....,,,,,,,,,
...###.### #....@FYY..Y.,,,,,,,,,
..#.#### *#.....Y......,,,,,*,*,
...## ###..........#.#,,*,*****
...# #.?...........#*,,,,* ...###
##.............#,,,,** ..P#.##
#......._....#l,,,,,*
......####...........##,,,,,,*
......#.##............*,,,,,,*
................PP..,,**,**,**


You could see a spiny frog, a basilisk and 6 dream sheep.

Vanquished Creatures
  Kirke (D:12)
  A frost giant (IceCv)
  Snorg (Orc:1)
  Erolcha (D:12)
  Josephine (Orc:2)
  Fannar (D:11)
  A hydra (Lair:5)
  2 centaur warriors
  A death yak (IceCv)
  An ogre mage (D:13)
  3 two-headed ogres
  The ghost of Lanoc the Archer, a novice CeHu of Nemelex Xobeh (D:13)
  3 orc high priests (Orc:2)
  Erica (D:11)
  2 tengu warriors (D:13)
  Nergalle (D:12)
  A skeletal warrior (D:13)
  A swamp dragon (Lair:4)
  An unseen horror (D:11)
  Pikel (D:5)
  A phantasmal warrior (D:10)
  A wolf spider zombie (D:13)
  7 orc knights
  5 orc sorcerers (Orc:2)
  An ugly thing (D:12)
  6 elephants (Lair:3)
  4 centaur zombies
  An ice statue (IceCv)
  2 black mambas
  13 spiny frogs
  6 centaur skeletons
  A gargoyle (D:8)
  6 komodo dragons
  A kobold demonologist (D:13)
  5 rime drakes
  7 trolls
  A hornet (D:11)
  18 polar bears (IceCv)
  2 tyrant leeches (Lair:6)
  16 blink frogs
  8 hippogriffs
  5 slime creatures (D:13)
  7 dream sheep (Lair:4)
  A meliai zombie (D:14)
  3 shadows
  A spriggan (D:7)
  11 wraiths
  76 yaks
  2 steam dragons
  7 hogs (D:12)
  3 wyverns
  Grum (D:11)
  2 basilisks
  3 hungry ghosts
  Menkaure (D:5)
  Edmund (D:4)
  19 vampire mosquitoes
  2 wargs
  7 porcupines
  5 water moccasins
  3 soldier ants
  A hornet zombie (D:13)
  22 orc warriors
  2 ice beasts
  A black bear (D:11)
  8 sky beasts
  2 slaves (D:5)
  42 wolves
  A phantom (D:9)
  A necrophage (D:11)
  3 eyes of draining
  11 ogres
  8 centaurs
  8 crocodiles
  6 big kobolds
  24 bullfrogs
  A wyvern zombie (D:8)
  4 scorpions
  A scorpion (shapeshifter) (D:11)
  12 wights
  19 killer bees
  6 crimson imps
  3 howler monkeys (D:11)
  6 bullfrog zombies
  6 hounds
  3 quasits
  8 jellies
  18 orc priests
  3 bullfrog skeletons
  8 iguanas
  30 orc wizards
  14 worker ants
  A hound skeleton (D:5)
  3 howler monkey skeletons
  A worker ant zombie (D:11)
  14 adders
  A gnoll (D:2)
  5 shadow imps
  An ooze (D:2)
  An adder zombie (D:6)
  An adder skeleton (D:7)
  5 worms
  A dart slug (D:1)
  4 leopard geckos
  77 orcs
  2 ball pythons
  4 bats
  3 giant cockroaches
  8 goblins
  10 hobgoblins
  15 jackals
  18 kobolds
  4 quokkas
  4 frilled lizards
  A jackal skeleton (D:4)
  A quokka zombie (D:9)
  6 rats
  3 fungi
  6 plants
780 creatures vanquished.

Vanquished Creatures (others)
  A crimson imp (D:5)
  An orc wizard (Orc:2)
  An adder skeleton (D:5)
  An orc (Orc:2)
  5 fungi
  26 plants (Lair:6)
35 creatures vanquished.

Grand Total: 815 creatures vanquished

Notes
Turn   | Place    | Note
-------+----------+-------------------------------------------
     0 | D:1      | Lanoc the Formicid Gladiator began the quest for the Orb.
     0 | D:1      | Reached XP level 1. HP: 16/16 MP: 1/1
    92 | D:1      | Reached XP level 2. HP: 6/23 MP: 2/2
    94 | D:1      | HP: 1/23 [jackal (1)]
   583 | D:1      | Reached skill level 1 in Armour
   583 | D:1      | Reached XP level 3. HP: 25/28 MP: 3/3
  1027 | D:2      | Reached XP level 4. HP: 16/34 MP: 4/4
  1308 | D:2      | Reached skill level 4 in Axes
  1308 | D:2      | Reached XP level 5. HP: 37/41 MP: 5/5
  1792 | D:2      | Noticed an angel
  1793 | D:2      | Found a glowing silver altar of Zin.
  1841 | D:3      | Reached XP level 6. HP: 39/47 MP: 6/6
  2186 | D:3      | Reached skill level 1 in Shields
  2207 | D:3      | Reached skill level 8 in Axes
  2207 | D:3      | Reached skill level 5 in Dodging
  2207 | D:3      | Reached XP level 7. HP: 10/59 MP: 7/7
  2777 | D:4      | Noticed Edmund
  2785 | D:4      | Killed Edmund
  2785 | D:4      | Reached skill level 9 in Axes
  2785 | D:4      | Reached XP level 8. HP: 61/65 MP: 8/8
  3299 | D:5      | Entered Level 5 of the Dungeon
  3343 | D:5      | Noticed Menkaure
  3349 | D:5      | Noticed Pikel
  3354 | D:5      | Killed Menkaure
  3359 | D:5      | Killed Pikel
  3735 | D:6      | Found a staircase to the Ecumenical Temple.
  3746 | Temple   | Entered the Ecumenical Temple
  3797 | Temple   | Became a worshipper of Uskayaw the Reveler
  3865 | D:6      | Reached * piety under Uskayaw
  3942 | D:6      | Reached ** piety under Uskayaw
  3957 | D:6      | Reached *** piety under Uskayaw
  3958 | D:6      | Reached XP level 9. HP: 27/71 MP: 9/9
  3963 | D:6      | Reached **** piety under Uskayaw
  3965 | D:6      | Reached ***** piety under Uskayaw
  4226 | D:6      | Found a shimmering altar of Xom.
  4590 | D:6      | Found Iluo's Jewellery Shoppe.
  5596 | D:7      | Found an opulent altar of Gozag.
  5596 | D:7      | Found an ancient bone altar of Kikubaaqudgha.
  5787 | D:7      | Reached skill level 1 in Invocations
  5839 | D:8      | Reached XP level 10. HP: 79/79 MP: 10/10
  5841 | D:8      | Found a staircase to the Lair.
  6115 | D:8      | Noticed a gargoyle
  6123 | D:8      | Killed a gargoyle
  6123 | D:8      | Reached skill level 10 in Axes
  6677 | D:8      | Found an iron altar of Okawaru.
  6850 | D:8      | Found a stormy altar of Qazlal.
  7624 | D:9      | Got a steaming shield
  7635 | D:9      | Identified the +0 shield of the Failed Coup {Dex+5 Slay-4}
                  | (You found it on level 9 of the Dungeon)
  7653 | D:9      | Reached XP level 11. HP: 81/86 MP: 13/13
  7730 | D:9      | Found a white marble altar of Elyvilon.
  7764 | D:9      | Found a runed translucent gate.
  7764 | D:9      | Noticed confidenceinterval's ghost (novice HOFi)
  7765 | D:9      | Found a runed translucent gate.
  7766 | D:9      | Found a runed translucent gate.
  7766 | D:9      | Identified the +1 plate armour of a sewer {Int+4}
  7767 | D:9      | Found a roughly hewn altar of Beogh.
  8818 | D:10     | Entered Level 10 of the Dungeon
  9107 | D:10     | Reached skill level 11 in Axes
  9107 | D:10     | Reached ****** piety under Uskayaw
  9461 | D:10     | Noticed a phantasmal warrior
  9470 | D:10     | Noticed a death knight
  9471 | D:10     | Killed a phantasmal warrior
  9681 | D:11     | Noticed Grum
  9697 | D:11     | Killed Grum
  9849 | D:11     | Reached skill level 5 in Invocations
  9849 | D:11     | Reached XP level 12. HP: 85/94 MP: 15/15
 10074 | D:11     | Noticed an unseen horror
 10103 | D:11     | Killed an unseen horror
 10757 | D:11     | Noticed Erica
 10758 | D:11     | Noticed Fannar
 10772 | D:11     | Killed Erica
 10791 | D:11     | Killed Fannar
 10791 | D:11     | Reached skill level 12 in Axes
 10952 | D:11     | Found Adghin's Jewellery Shop.
 11264 | D:12     | Noticed Kirke
 11275 | D:12     | Noticed a sphinx
 11281 | D:12     | Killed Kirke
 11281 | D:12     | Reached XP level 13. HP: 14/103 MP: 18/18
 11771 | D:12     | Noticed Erolcha
 11775 | D:12     | Found a staircase to the Orcish Mines.
 11788 | D:12     | Killed Erolcha
 11788 | D:12     | Reached skill level 10 in Fighting
 12030 | D:12     | Found a runed translucent door.
 12030 | D:12     | Found a shimmering altar of Xom.
 12030 | D:12     | Noticed Priap's ghost (journeyman DrFE)
 12056 | D:12     | Found Qiur's Armour Shoppe.
 12478 | D:12     | Noticed Nergalle
 12509 | D:12     | Killed Nergalle
 13061 | D:13     | Reached skill level 13 in Axes
 13061 | D:13     | Reached skill level 10 in Armour
 13084 | D:13     | Noticed Lanoc's ghost (novice CeHu)
 13089 | D:13     | Identified the cursed +0 demon blade "Burames" {flame,
                  | *Slow rElec Int+5}
 13089 | D:13     | Identified the +6 chain mail of Lugonu's Hope {MR- rCorr
                  | Int+8 Stlth+}
 13090 | D:13     | Found a runed translucent gate.
 13090 | D:13     | Found a runed translucent gate.
 13091 | D:13     | Found a runed translucent gate.
 13091 | D:13     | Found a roughly hewn altar of Beogh.
 13145 | D:13     | Noticed a centaur warrior
 13155 | D:13     | Killed a centaur warrior
 13213 | D:13     | Reached XP level 14. HP: 23/111 MP: 9/20
 14412 | D:13     | Found a gate to the Vaults.
 14498 | Orc:1    | Entered Level 1 of the Orcish Mines
 14708 | Orc:1    | Found a frozen archway.
 14754 | IceCv    | Entered an ice cave
 15279 | IceCv    | Reached skill level 14 in Axes
 15786 | IceCv    | Noticed a frost giant
 16269 | IceCv    | Killed a frost giant
 16350 | IceCv    | Identified Petyqoist's Collected Works on Cold
 16361 | IceCv    | Got a faintly glowing halberd
 16362 | IceCv    | Identified the +4 halberd of a Labyrinth {antimagic, Dex+4}
                  | (You found it in an ice cave)
 16899 | Orc:1    | Noticed Snorg
 16912 | Orc:1    | Killed Snorg
 17461 | Orc:2    | Entered Level 2 of the Orcish Mines
 18232 | Orc:2    | Found a burning altar of Makhleb.
 18257 | Orc:2    | Found a staircase to the Elven Halls.
 18334 | Orc:2    | Reached skill level 10 in Dodging
 18657 | Orc:2    | Found a runed translucent door.
 18672 | Orc:2    | Noticed Avack's ghost (journeyman HOFE)
 18673 | Orc:2    | Found the +9 staff of Wucad Mu {channel}
 18689 | Orc:2    | Reached XP level 15. HP: 109/119 MP: 22/22
 18701 | Orc:2    | Noticed Josephine
 18706 | Orc:2    | Killed Josephine
 19260 | Orc:2    | Reached skill level 10 in Invocations
 19895 | Orc:2    | Found Ponn's Antique Armour Shop.
 19895 | Orc:2    | Found Meeneset's Distillery.
 19897 | Orc:2    | Found Laselion's Weapon Shop.
 19897 | Orc:2    | Found Wuggioxzyeh's Distillery.
 19906 | Orc:2    | Bought a potion of might for 40 gold pieces
 19906 | Orc:2    | Bought a potion of might for 40 gold pieces
 19906 | Orc:2    | Bought a potion of curing for 30 gold pieces
 19906 | Orc:2    | Bought a potion of heal wounds for 50 gold pieces
 19908 | Orc:2    | Bought a potion of curing for 39 gold pieces
 20088 | D:11     | Bought the ring "Fanuut" {+Fly rF- Str-2 Dex+6 Slay+6} for
                  | 897 gold pieces
 20163 | D:13     | Killed Lanoc's ghost
 20402 | D:14     | Noticed a red very ugly thing
 20516 | Lair:1   | Entered Level 1 of the Lair of Beasts
 20682 | Lair:1   | Reached skill level 15 in Axes
 21547 | Lair:2   | Found the ring of Phasing {EV+8}
 21674 | Lair:2   | Identified the Catalogue of Dark Magic and Talismans
 21778 | Lair:2   | Got a steaming hand axe
 21779 | Lair:2   | Identified the +8 hand axe of Hiuveupp {venom, Int+9} (You
                  | found it on level 2 of the Lair of Beasts)
 21953 | Lair:3   | Found a staircase to the Snake Pit.
 22224 | Lair:3   | Got a transparent dire flail
 22225 | Lair:3   | Identified the +6 dire flail of Jirhyhill {holy, *Corrode
                  | rElec Dex+5} (You found it on level 3 of the Lair of
                  | Beasts)
 22528 | Lair:4   | Found a staircase to the Swamp.
 23091 | Lair:4   | Reached XP level 16. HP: 127/127 MP: 24/24
 23881 | Lair:5   | Found a viscous altar of Jiyva.
 23881 | Lair:5   | Found a staircase to the Slime Pits.
 24191 | Lair:6   | Entered Level 6 of the Lair of Beasts
 24191 | Lair:6   | Found an iron altar of Okawaru.
 24336 | Lair:6   | Slain by a spiny frog

Levels and vault maps discovered:
D:1:      nagdon_arrival_double_spiral, layout_loops_ring
D:2:      layout_rooms, zin_angel, minmay_pentomino_q2
D:3:      layout_basic, first_ration, minmay_guardbox
D:4:      layout_basic, serial_curves, eino_curves_03, eino_curves_01,
          uniq_edmund
D:5:      layout_rooms, minmay_holes, chequers_garden, uniq_menkaure, uniq_pikel
D:6:      layout_cave_pods, lemuel_crystal_altar, minmay_temple_entry_slanted,
          serial_shops, shop, st_stairs_8
D:7:      layout_loops_ring, gammafunk_temple_overflow_elements,
          serial_park_tiny_pond, the_bakery
D:8:      layout_basic, lemuel_coloured_pillars_altar, marbit_many_paths,
          lair_entry_dummy
D:9:      cheibrodos_barr_body, layout_cave_pools, biasface_ghost_orc_armoury,
          basic_altar
D:10:     layout_loops_ring
D:11:     minmay_bloctagon, layout_basic, serial_shops, shop_fountains,
          minmay_quadrilaterals, uniq_fannar, uniq_grum, uniq_erica
D:12:     layout_long_grid, orc_david_3, ebering_ghost_xom, uniq_nergalle,
          uniq_erolcha, uniq_kirke
D:13:     layout_rooms, hangedman_vaults_entry_quadrant_bands,
          biasface_ghost_orc_armoury
D:14:     minmay_crescents, layout_cross, chequers_serial_rivers_micro_e
Temple:   kb_temple_of_zot
Lair:1:   layout_chaotic_city, chequers_serial_rivers_large_a,
          grunt_megastairs_5
Lair:2:   layout_regular_city, st_stairs_8, minivault_24,
          infiniplex_staircase_pool, grunt_megastairs_3
Lair:3:   layout_concentric_octagons, dummy_snake_entry, serial_bayou_shore_b
Lair:4:   layout_misc_corridors, minmay_swamp_entry_reptiles,
          chequers_serial_rivers_room_b
Lair:5:   layout_loops_ring, dpeg_slime_entry_enclosed_altar, minivault_19,
          serial_bayou_shore_b
Lair:6:   minmay_lair_end_frog_pond, layout_misc_corridors, basic_altar,
          nicolae_volcano_entry_two_sided, maelrawn_ghost_gauntlet_escape,
          lemuel_oklob_altar, serial_bayou_shore_a
Orc:1:    layout_diamond_mine, portal_ice_cave_entry_pillars_2, uniq_snorg
Orc:2:    grunt_orc_tribal_feast, layout_caves, basic_altar,
          ebering_ghost_inner_flame, uniq_josephine
IceCv:    ice_cave_caverns_01

Skill      XL: |  1  2  3  4  5  6  7  8  9 10 11 12 13 14 15 16 |
---------------+-------------------------------------------------+-----
Armour         | 1 2 6 7 8 9 10 11 12 | 12.2
Dodging        | 3 5 6 7 8 9 10 | 10.9
Fighting       | 3 6 7 8 9 10 11 12 | 12.5
Axes           | 4 8 9 10 11 12 13 14 15 | 15.7
Shields        | 6 7 8 9 |  9.0
Invocations    | 1 3 5 6 8 9 10 11 | 11.2
Throwing       | |  2.0

Action                   |  1- 3 |  4- 6 |  7- 9 | 10-12 | 13-15 | 16-18 || total
-------------------------+-------+-------+-------+-------+-------+-------++-------
Melee: War axe           |    50 |    92 |   121 |       |       |       ||   263
       Battleaxe         |       |       |   129 |   576 |   980 |    95 ||  1780
Throw: Throwing net      |       |       |       |       |     2 |       ||     2
Invok: Grand Finale      |       |       |       |       |     4 |       ||     4
 Abil: Dig               |       |       |       |       |     4 |       ||     4
Evoke: Wand              |       |       |       |       |    12 |       ||    12
  Use: Potion            |     3 |     2 |     3 |     3 |     6 |       ||    17
       Scroll            |     3 |    10 |     5 |     3 |    12 |     1 ||    34
 Stab: Invisible         |     1 |     3 |     3 |       |       |       ||     7
       Sleeping          |       |       |     7 |       |       |       ||     7
       Paralysed         |       |       |    12 |    76 |   152 |    28 ||   268
       Held in net/web   |       |       |       |       |     1 |       ||     1
  Eat: Chunk             |       |     4 |     8 |    11 |    39 |     4 ||    66
       Ration            |       |       |     1 |     6 |     1 |       ||     8
Armor: Leather armour    |     5 |    62 |    21 |       |       |       ||    88
       Plate armour      |       |       |    21 |   324 |   301 |       ||   646
       Chain mail        |       |       |       |       |    61 |    31 ||    92
Dodge: Dodged            |    40 |    82 |   106 |   252 |   454 |   101 ||  1035
Block: Shield            |       |    53 |   138 |   322 |   569 |    83 ||  1165

Table legend:
 A = Non-vault XP
 B = Vault XP
 C = Vault XP percentage of total XP
 D = Non-vault monster count
 E = Vault monster count
 F = Vault count percentage of total count
                 A         B        C        D         E       F
            +---------+---------+-------+---------+---------+-------
      Total |   65051 |   55850 |  46.2 |     532 |     237 |  30.8
            +---------+---------+-------+---------+---------+-------
        D:1 |      37 |       0 |   0.0 |      20 |       0 |   0.0
        D:2 |     203 |      20 |   9.0 |      24 |       3 |  11.1
        D:3 |     178 |      26 |  12.7 |      30 |      11 |  26.8
        D:4 |     134 |     169 |  55.8 |      10 |       1 |   9.1
        D:5 |     164 |     535 |  76.5 |       6 |       2 |  25.0
        D:6 |     610 |      13 |   2.1 |      16 |       1 |   5.9
        D:7 |    1194 |     224 |  15.8 |      34 |       1 |   2.9
        D:8 |    2959 |      90 |   3.0 |      48 |       1 |   2.0
        D:9 |    3016 |    1151 |  27.6 |      29 |      15 |  34.1
       D:10 |    2716 |       0 |   0.0 |      18 |       0 |   0.0
       D:11 |    4664 |    5763 |  55.3 |      35 |      24 |  40.7
       D:12 |    7211 |    5705 |  44.2 |      53 |      16 |  23.2
       D:13 |    9370 |    8306 |  47.0 |      41 |      37 |  47.4
       D:14 |    2689 |     906 |  25.2 |      14 |       1 |   6.7
     Lair:1 |    3450 |    1676 |  32.7 |      16 |       7 |  30.4
     Lair:2 |    1471 |     703 |  32.3 |       6 |       3 |  33.3
     Lair:3 |    6669 |       0 |   0.0 |      23 |       0 |   0.0
     Lair:4 |    7066 |     845 |  10.7 |      35 |       4 |  10.3
     Lair:5 |    3569 |       0 |   0.0 |      17 |       0 |   0.0
     Lair:6 |    2891 |    5890 |  67.1 |      14 |      23 |  62.2
      Orc:1 |    2654 |    1827 |  40.8 |      23 |       3 |  11.5
      Orc:2 |    2136 |    8769 |  80.4 |      20 |      31 |  60.8
      IceCv |       0 |   13232 | 100.0 |       0 |      53 | 100.0
            +---------+---------+-------+---------+---------+-------
